 Dungeon Crawl Stone Soup version 0.31-a0-354-g827e0957a7 (webtiles) character file.

Game seed: 8261983570726999066

56862 cforsyth the Prestidigitator (level 14, -11/110 HPs)
             Began as a Gnoll Artificer on July 24, 2023.
             Was the Champion of Okawaru.
             Killed from afar by Azrael (24 damage)
             ... with damnation
             ... on level 12 of the Dungeon.
             The game lasted 00:56:23 (25050 turns).

cforsyth the Prestidigitator (Gnoll Artificer)     Turns: 25050, Time: 00:56:24

Health: -11/110    AC: 14    Str: 11    XL:     14   Next: 83%
Magic:  21/27      EV: 21    Int: 16    God:    Okawaru [******]
Gold:   1444       SH:  0    Dex: 13    Spells: 25/32 levels left

rFire   . . .        o - +3 flail (freeze)
rCold   . . .        (no shield)
rNeg    . . .        G - +0 troll leather armour
rPois   .            s - +2 hat
rElec   .            (no cloak)
rCorr   .            Y - +0 pair of gloves
SInv    .            l - +0 pair of boots
Will    +....        y - amulet of regeneration
Stlth   ++++         m - +5 ring of evasion
HPRegen 1.98/turn    C - +4 ring of protection
MPRegen 0.20/turn

%: no passive effects
@: no status effects
A: fangs 1, strong nose, distributed training
a: Renounce Religion, Heroism, Finesse, Duel


You were on level 12 of the Dungeon.
You worshipped Okawaru.
Okawaru was exalted by your worship.
You visited 3 branches of the dungeon, and saw 18 of its levels.

You collected 1444 gold pieces.

Inventory:

Hand Weapons
 o - a +3 flail of freezing (weapon)
Missiles
 I - 2 throwing nets
 S - 9 silver javelins
 U - 5 atropa-tipped darts
 X - 7 boomerangs
Armour
 l - a +0 pair of boots (worn)
 s - a +2 hat (worn)
 G - a +0 troll leather armour (worn)
 Y - a +0 pair of gloves (worn)
Jewellery
 m - a +5 ring of evasion (left hand)
 w - a ring of positive energy
 y - an amulet of regeneration (around neck)
 z - a ring of protection from cold
 C - a +4 ring of protection (right hand)
 H - a ring of protection from cold
 J - a ring of ice
 K - a ring of flight
 Z - a +6 ring of intelligence
Wands
 c - a wand of flame (16) (quivered)
 d - a wand of charming (15)
 e - a wand of iceblast (10)
 u - a wand of paralysis (12)
Scrolls
 a - 4 scrolls of blinking
 f - 3 scrolls of enchant armour
 g - a scroll of amnesia
 p - a scroll of fear
 q - 2 scrolls of immolation
 x - 4 scrolls of teleportation
 D - 2 scrolls of poison
 E - 2 scrolls of revelation
 F - 2 scrolls of identify
 L - a scroll of brand weapon
 N - a scroll of silence
 O - 2 scrolls of enchant weapon
 T - a scroll of vulnerability {unknown}
 W - 2 scrolls of fog {unknown}
Potions
 b - a potion of magic {unknown}
 h - 2 potions of heal wounds
 i - 4 potions of curing
 j - 4 potions of mutation
 k - a potion of haste {unknown}
 n - 5 potions of resistance
 r - a potion of invisibility {unknown}
 t - 3 potions of enlightenment {unknown}
 v - 4 potions of cancellation
 A - 4 potions of lignification
 B - 4 potions of might
 M - a potion of brilliance {unknown}
 P - 3 potions of berserk rage {unknown}
 R - 2 potions of ambrosia {unknown}
 V - 4 potions of attraction
Miscellaneous
 Q - a phial of floods


   Skills:
 + Level 10.1 Fighting
 + Level 9.7 Short Blades
 + Level 9.7 Long Blades
 + Level 9.7 Axes
 + Level 9.7 Maces & Flails
 + Level 9.7 Polearms
 + Level 9.7 Staves
 + Level 9.7 Ranged Weapons
 + Level 9.7 Throwing
 + Level 10.8 Armour
 + Level 10.1 Dodging
 + Level 10.0 Stealth
 + Level 9.7 Shields
 + Level 9.7 Unarmed Combat
 + Level 9.7 Spellcasting
 + Level 8.1 Conjurations
 + Level 8.1 Hexes
 + Level 8.1 Summonings
 + Level 8.1 Necromancy
 + Level 8.1 Translocations
 + Level 8.1 Transmutations
 + Level 8.1 Fire Magic
 + Level 8.1 Ice Magic
 + Level 8.1 Air Magic
 + Level 8.1 Earth Magic
 + Level 8.1 Poison Magic
 + Level 10.6 Invocations
 + Level 11.7 Evocations
 + Level 8.1 Shapeshifting


You had 25 spell levels left.
You knew the following spells:

 Your Spells              Type           Power      Damage    Failure   Level
a - Hailstorm             Conj/Ice       33%        3d8       1%          3
b - Olgreb's Toxic Radia  Pois           33%        N/A       4%          4

Your spell library contained the following spells:

 Spells                   Type           Power      Damage    Failure   Level
 Freeze                   Ice            100%       1d10      1%          1
 Sting                    Tmut/Pois      100%       1d8       1%          1
 Ensorcelled Hibernation  Hex/Ice        66%        N/A       1%          2
 Passwall                 Tmut/Erth      27%        N/A       1%          2
 Poisonous Vapours        Pois/Air       66%        N/A       1%          2
 Frozen Ramparts          Ice            66%        1d10      1%          3
 Ozocubu's Armour         Ice            33%        N/A       1%          3
 Swiftness                Air            33%        N/A       1%          3
 Eringya's Noxious Bog    Tmut/Pois      16%        4d6       52%         6
 Ozocubu's Refrigeration  Ice            16%        4d11      98%         7
 Summon Ice Beast         Ice/Summ       Unusable   N/A       N/A         4
 Summon Forest            Summ/Tloc      Unusable   N/A       N/A         5
 Simulacrum               Ice/Necr       Unusable   N/A       N/A         6
 Summon Hydra             Summ           Unusable   N/A       N/A         7

Dungeon Overview and Level Annotations

Branches:
Dungeon (12/15)            Temple (1/1) D:7            Lair (5/5) D:10
 Shoals (0/4) Lair:3       Spider (0/4) Lair:2        Slime (0/5) Lair:5
    Orc (0/2) D:12

Altars:
Ashenzari
Cheibriados
Dithmenos
Elyvilon
Fedhas
Gozag
Hepliaklqana
Kikubaaqudgha
Makhleb
Nemelex Xobeh
Okawaru
Qazlal
Ru
Sif Muna
Trog
Uskayaw
Vehumet
Wu Jian
Xom
Yredelemnul
Zin
The Shining One

Shops:
D:6 [[!*

Annotations:
D:12 Azrael


Innate Abilities, Weirdness & Mutations

You have very sharp teeth.
Your uncanny sense of smell can sniff out nearby items.
Your experience applies equally to all skills.


Message History

Azrael is severely wounded.
Azrael hits you with a +0 scimitar of flaming!
Azrael burns you.
You barely miss Azrael. You bite Azrael, but do no damage.
Azrael is severely wounded.
You hit Azrael but do no damage.
Azrael is severely wounded.
Azrael gestures at you.
The sphere of damnation explodes!
The damnation engulfs you!!!
The damnation engulfs Azrael.
Azrael completely resists.
You hear an angry buzzing noise. x2
You hit Azrael but do no damage.
Azrael is severely wounded.
Azrael barely misses you.
Aiming: Paralyse
Press: ? - help, Shift-Dir - straight line, f - Azrael
Aim: Azrael, wielding a +0 scimitar of flaming (severely wounded, chance to affect: 57%) Azrael resists with significant effort.
Azrael hits you but does no damage.
Aiming: Paralyse
Press: ? - help, Shift-Dir - straight line, f/p - Azrael
Aim: Azrael, wielding a +0 scimitar of flaming (heavily wounded, chance to affect: 57%) Azrael resists with significant effort.
Azrael gestures at you.
The sphere of damnation explodes!
The damnation engulfs you!!
* * * LOW HITPOINT WARNING * * *
The damnation engulfs Azrael.
Azrael completely resists.
You hear an angry buzzing noise.
Aiming: Paralyse
Press: ? - help, Shift-Dir - straight line, f/p - Azrael
Aim: Azrael, wielding a +0 scimitar of flaming (heavily wounded, chance to affect: 57%) Azrael resists with significant effort.
Azrael gestures at you. The sticky flame misses you.
Aiming: Paralyse
Press: ? - help, Shift-Dir - straight line, f/p - Azrael
Aim: Azrael, wielding a +0 scimitar of flaming (heavily wounded, chance to affect: 57%) Azrael resists with significant effort.
Azrael gestures at you.
The sphere of damnation explodes!
The damnation engulfs you!!
You die...

#.......## #.......#
##.....#######.....##
##...##......#...##
##'###.####.##.## #.#
#.# #.##.#
####.###.####(##.#
...........##.##>#
###...##.#.##.##R#
#.....#.#.##.##@#
##...##......##.#
##.#####.#####.# ###
#.......# #########


You could see Azrael.

Vanquished Creatures
  2 hydras (Lair:5)
  Erolcha (D:11)
  A catoblepas (Lair:4)
  A centaur warrior (D:11)
  3 boulder beetles
  A two-headed ogre (D:11)
  5 death yaks
  A skyshark (Lair:5)
  Sonja (Lair:2)
  Pikel (D:9)
  An oklob plant (Lair:5)
  3 ugly things
  A cyclops (D:11)
  4 elephants
  A manticore (D:11)
  5 black mambas
  Joseph (D:7)
  A torpor snail (Lair:5)
  A gargoyle (D:11)
  10 cane toads
  An eye of devastation (Lair:5)
  6 rime drakes
  7 komodo dragons
  7 polar bears
  Prince Ribbit (D:7)
  6 hornets
  33 blink frogs
  8 dream sheep (Lair:5)
  A snapping turtle (Lair:3)
  15 spriggans (Lair:5)
  3 shadows
  2 vampires (D:10)
  8 wyverns
  A fire elemental (D:12)
  6 basilisks
  56 yaks
  3 wraiths
  8 vampire mosquitoes
  2 acid dragons
  A floating eye (Lair:5)
  4 hell hounds (D:12)
  17 water moccasins
  3 orc warriors
  2 sky beasts
  5 black bears
  An ogre (D:5)
  4 boggarts
  10 centaurs
  24 wolves
  A phantom (D:5)
  A kobold brigand (D:9)
  Blork the orc (D:4)
  12 bullfrogs
  A necrophage (D:5)
  3 scorpions
  2 water moccasin zombies (D:5)
  5 wights
  7 howler monkeys
  A centaur zombie (D:5)
  3 jellies
  3 hounds
  A gnoll bouda (D:8)
  2 orc priests
  A human zombie (D:5)
  5 iguanas
  10 orc wizards
  2 scorpion zombies (D:5)
  5 hell rats (Lair:2)
  A hound zombie (D:5)
  2 mummies (D:5)
  A howler monkey zombie (D:5)
  5 adders
  15 gnolls
  A shadow imp (D:5)
  5 white imps
  An ufetubus (D:6)
  2 worms (D:3)
  A dart slug (D:4)
  33 orcs
  4 endoplasms (D:1)
  A giant cockroach (D:1)
  11 goblins
  5 hobgoblins
  7 quokkas
  6 ball pythons
  6 bats
  2 frilled lizards
  10 kobolds
  3 rats
478 creatures vanquished.

Vanquished Creatures (others)
  A two-headed ogre (D:11)
  2 cyclopes (D:11)
  2 unseen horrors (D:11)
  A komodo dragon (D:11)
  An orc warrior (D:11)
  A butterfly (Lair:2)
8 creatures vanquished.

Grand Total: 486 creatures vanquished

Notes
Turn   | Place    | Note
-------+----------+-------------------------------------------
     0 | D:1      | cforsyth the Gnoll Artificer began the quest for the Orb.
     0 | D:1      | Reached XP level 1. HP: 17/17 MP: 1/1
   190 | D:1      | Reached XP level 2. HP: 23/23 MP: 2/2
   720 | D:1      | Reached XP level 3. HP: 26/28 MP: 1/3
  1045 | D:2      | Reached skill level 1 in Invocations
  1048 | D:2      | Reached skill level 1 in Short Blades
  1048 | D:2      | Reached skill level 1 in Long Blades
  1048 | D:2      | Reached skill level 1 in Axes
  1048 | D:2      | Reached skill level 1 in Maces & Flails
  1048 | D:2      | Reached skill level 1 in Polearms
  1048 | D:2      | Reached skill level 1 in Staves
  1048 | D:2      | Reached skill level 1 in Ranged Weapons
  1048 | D:2      | Reached skill level 1 in Throwing
  1048 | D:2      | Reached skill level 1 in Shields
  1048 | D:2      | Reached skill level 1 in Unarmed Combat
  1048 | D:2      | Reached skill level 1 in Spellcasting
  1057 | D:2      | Reached XP level 4. HP: 15/34 MP: 1/5
  1872 | D:3      | Reached skill level 1 in Conjurations
  1872 | D:3      | Reached skill level 1 in Hexes
  1872 | D:3      | Reached skill level 1 in Summonings
  1872 | D:3      | Reached skill level 1 in Necromancy
  1872 | D:3      | Reached skill level 1 in Translocations
  1872 | D:3      | Reached skill level 1 in Transmutations
  1872 | D:3      | Reached skill level 1 in Fire Magic
  1872 | D:3      | Reached skill level 1 in Ice Magic
  1872 | D:3      | Reached skill level 1 in Air Magic
  1872 | D:3      | Reached skill level 1 in Earth Magic
  1872 | D:3      | Reached skill level 1 in Poison Magic
  1872 | D:3      | Reached skill level 1 in Shapeshifting
  2108 | D:3      | Found a bloodstained altar of Trog.
  2438 | D:3      | Reached XP level 5. HP: 13/40 MP: 1/7
  2505 | D:3      | Identified the +1 hand axe "Cufain" {freeze, *Slow rElec
                  | rCorr}
  2532 | D:3      | You fall into a shaft and drop 2 floors!
  2532 | D:5      | Entered Level 5 of the Dungeon
  2641 | D:5      | Reached skill level 5 in Armour
  2641 | D:5      | Reached XP level 6. HP: 45/47 MP: 2/8
  2763 | D:5      | Reached skill level 7 in Evocations
  2763 | D:5      | Reached XP level 7. HP: 52/52 MP: 3/10
  2772 | D:5      | Found an ancient bone altar of Kikubaaqudgha.
  3119 | D:5      | Reached XP level 8. HP: 60/60 MP: 4/12
  3356 | D:4      | Noticed Blork the orc
  3657 | D:4      | Killed Blork the orc
  4390 | D:6      | Found Idiawkich's Antique Armour Shoppe.
  4554 | D:6      | Reached XP level 9. HP: 66/66 MP: 4/14
  4583 | D:6      | Found Notaguk's Distillery.
  4720 | D:6      | Found Hodocosi's Antique Armour Shoppe.
  4841 | D:6      | Reached skill level 5 in Fighting
  4841 | D:6      | Reached skill level 5 in Dodging
  5086 | D:6      | Found an ornate altar of the Wu Jian Council.
  5134 | D:6      | Found a glowing silver altar of Zin.
  5190 | D:6      | Found Jitse's General Store.
  5300 | D:7      | Noticed a hornet
  5304 | D:7      | Killed a hornet
  5305 | D:7      | Reached skill level 5 in Stealth
  5305 | D:7      | Reached skill level 8 in Evocations
  5306 | D:7      | Identified the +2 robe of Context {rC+ SInv}
  5373 | D:7      | Found a staircase to the Ecumenical Temple.
  5412 | Temple   | Entered the Ecumenical Temple
  5418 | Temple   | Became a worshipper of Warmaster Okawaru
  5598 | D:7      | Reached skill level 5 in Invocations
  5685 | D:7      | Noticed Joseph
  5711 | D:6      | Found a shimmering altar of Xom.
  5743 | D:7      | Killed Joseph
  5743 | D:7      | Reached * piety under Okawaru
  5809 | D:7      | Noticed Prince Ribbit
  5835 | D:7      | Killed Prince Ribbit
  5887 | D:7      | Reached XP level 10. HP: 75/75 MP: 5/17
  5930 | D:7      | Reached skill level 5 in Short Blades
  5930 | D:7      | Reached skill level 5 in Long Blades
  5930 | D:7      | Reached skill level 5 in Axes
  5930 | D:7      | Reached skill level 5 in Maces & Flails
  5930 | D:7      | Reached skill level 5 in Polearms
  5930 | D:7      | Reached skill level 5 in Staves
  5930 | D:7      | Reached skill level 5 in Ranged Weapons
  5930 | D:7      | Reached skill level 5 in Throwing
  5930 | D:7      | Reached skill level 5 in Shields
  5930 | D:7      | Reached skill level 5 in Unarmed Combat
  5930 | D:7      | Reached skill level 5 in Spellcasting
  6716 | D:8      | Reached ** piety under Okawaru
  7165 | D:9      | Noticed a cyan ugly thing
  7256 | D:9      | Killed a cyan ugly thing
  7287 | D:9      | Noticed Pikel
  7549 | D:9      | Killed Pikel
  7699 | D:9      | Reached *** piety under Okawaru
  7937 | D:9      | Reached XP level 11. HP: 73/83 MP: 6/19
  7947 | D:9      | Reached skill level 9 in Evocations
  8251 | D:10     | Entered Level 10 of the Dungeon
  8272 | D:10     | Reached skill level 5 in Conjurations
  8272 | D:10     | Reached skill level 5 in Hexes
  8272 | D:10     | Reached skill level 5 in Summonings
  8272 | D:10     | Reached skill level 5 in Necromancy
  8272 | D:10     | Reached skill level 5 in Translocations
  8272 | D:10     | Reached skill level 5 in Transmutations
  8272 | D:10     | Reached skill level 5 in Fire Magic
  8272 | D:10     | Reached skill level 5 in Ice Magic
  8272 | D:10     | Reached skill level 5 in Air Magic
  8272 | D:10     | Reached skill level 5 in Earth Magic
  8272 | D:10     | Reached skill level 5 in Poison Magic
  8272 | D:10     | Reached skill level 5 in Shapeshifting
  8324 | D:10     | Found a snail-covered altar of Cheibriados.
  8337 | D:10     | Learned a level 3 spell: Hailstorm
  8415 | D:10     | Found a shimmering blue altar of Sif Muna.
  8908 | D:10     | Reached **** piety under Okawaru
  8919 | D:10     | Received a gift from Okawaru
  9050 | D:10     | Found a staircase to the Lair.
  9233 | D:11     | Noticed a two-headed ogre
  9233 | D:11     | Noticed a manticore
  9234 | D:11     | Noticed a cyclops
  9241 | D:11     | Received a gift from Okawaru
  9329 | D:11     | Killed a cyclops
  9337 | D:11     | Killed a manticore
  9341 | D:11     | Killed a two-headed ogre
  9390 | D:11     | Killed a cyclops
  9570 | D:11     | Received a gift from Okawaru
  9705 | D:11     | Noticed Erolcha
  9717 | D:11     | Noticed a centaur warrior
  9721 | D:11     | Killed Erolcha
  9721 | D:11     | Received a gift from Okawaru
  9722 | D:11     | Noticed a two-headed ogre
  9722 | D:11     | Noticed a boulder beetle
  9722 | D:11     | Noticed a cyan ugly thing
 10087 | D:11     | Reached ***** piety under Okawaru
 10312 | D:11     | Received a gift from Okawaru
 10374 | D:11     | Noticed a cyclops
 10391 | D:11     | Killed a cyan ugly thing
 10391 | D:11     | Received a gift from Okawaru
 10562 | D:11     | Killed a cyclops
 10563 | D:11     | Reached XP level 12. HP: 65/91 MP: 7/22
 10661 | Lair:1   | Entered Level 1 of the Lair of Beasts
 10806 | Lair:1   | HP: 2/91 [black mamba (10)]
 11440 | D:10     | Learned a level 4 spell: Olgreb's Toxic Radiance
 12371 | Lair:2   | Noticed Sonja
 12517 | Lair:1   | Received a gift from Okawaru
 12565 | Lair:2   | Killed Sonja
 12573 | Lair:2   | Reached skill level 10 in Evocations
 13051 | Lair:2   | Found a hole to the Spider Nest.
 13701 | Lair:2   | Reached ****** piety under Okawaru
 14402 | Lair:3   | Identified the +1 cloak "Hasogis" {Rampage Fly Dex-5}
                  | (Okawaru gifted it to you on level 3 of the Lair of Beasts)
 14402 | Lair:3   | Received a gift from Okawaru
 14578 | Lair:3   | Found a radiant altar of Vehumet.
 15007 | Lair:3   | Found a staircase to the Shoals.
 15633 | Lair:4   | Noticed a death yak
 15636 | Lair:4   | Noticed a death yak
 15637 | Lair:4   | Noticed a death yak
 15638 | Lair:4   | Noticed a death yak
 15639 | Lair:4   | Noticed a death yak
 15653 | Lair:3   | Killed a death yak
 15654 | Lair:3   | Reached XP level 13. HP: 82/99 MP: 8/25
 18295 | Lair:5   | Entered Level 5 of the Lair of Beasts
 18308 | Lair:4   | Received a gift from Okawaru
 19096 | Lair:5   | Reached skill level 10 in Armour
 19096 | Lair:5   | Reached skill level 11 in Evocations
 19115 | Lair:5   | Received a gift from Okawaru
 19552 | Lair:5   | Identified the +1 robe "Duaneut" {Dex+3} (Okawaru gifted it
                  | to you on level 5 of the Lair of Beasts)
 19552 | Lair:5   | Received a gift from Okawaru
 19631 | Lair:5   | Paralysed by a floating eye for 3 turns
 19643 | Lair:4   | Reached XP level 14. HP: 69/108 MP: 9/27
 20688 | Lair:5   | Reached skill level 10 in Invocations
 20961 | Lair:5   | Found a staircase to the Slime Pits.
 23242 | D:11     | Found a shimmering altar of Xom.
 23471 | D:11     | Reached skill level 10 in Fighting
 23471 | D:11     | Reached skill level 10 in Dodging
 23931 | D:12     | Received a gift from Okawaru
 23932 | D:12     | Reached skill level 10 in Stealth
 24295 | D:12     | Found a staircase to the Orcish Mines.
 25028 | D:12     | Noticed Azrael
 25050 | D:12     | Killed from afar by Azrael

Illustrated notes

Levels and vault maps discovered:
D:1:      sevenhm_arrival_forest_fort_large_4, layout_basic
D:2:      minmay_skewed_foursquare, layout_basic
D:3:      layout_loops_corners, mainiacjoe_overflow_alcove_2
D:4:      layout_rooms, uniq_blork_the_orc
D:5:      layout_loops_ring, lemuel_mausoleum_altar_kikubaaqudgha
D:6:      corexii_shack_village, layout_loops_ring,
          nicolae_overflow_hidden_temple, serial_shops, shop,
          nicolae_shop_stone, shop, shop
D:7:      layout_cave_pools, minmay_temple_entry_glassed_door,
          uniq_prince_ribbit1, uniq_joseph
D:8:      layout_cave_pods
D:9:      layout_basic, uniq_pikel
D:10:     layout_roguey, led_sif_pool, mainiacjoe_overflow_chevrons,
          lair_entry_dummy
D:11:     layout_loops_cross, dreamdust_wishing_well, xom_confusion_cloud,
          uniq_erolcha
D:12:     layout_loops_corners, orc_0_dummy, uniq_azrael
Temple:   hellmonk_temple_two_chambers
Lair:1:   layout_small_grid
Lair:2:   layout_concentric_octagons, dummy_spider_entry, st_stairs_9,
          lemuel_old_faithful, lemuel_fruit_tree, lemuel_fruit_fields,
          uniq_sonja
Lair:3:   layout_cave_pods, minmay_shoals_entry_hut, basic_altar
Lair:4:   layout_cave_pods, grunt_megastairs_2
Lair:5:   minmay_lair_end_enchanted_forest, layout_misc_corridors,
          minmay_slime_entry_eyes, chequers_serial_rivers_micro_c,
          infiniplex_staircase_pool_2, serial_bayou_shore_b

Skill      XL: |  1  2  3  4  5  6  7  8  9 10 11 12 13 14 |
---------------+-------------------------------------------+-----
Invocations    | 1 2 3 4 5 6 7 8 9 10 | 10.6
Short Blades   | 1 2 3 4 5 7 8 9 |  9.7
Long Blades    | 1 2 3 4 5 7 8 9 |  9.7
Axes           | 1 2 3 4 5 7 8 9 |  9.7
Maces & Flails | 1 2 3 4 5 7 8 9 |  9.7
Polearms       | 1 2 3 4 5 7 8 9 |  9.7
Staves         | 1 2 3 4 5 7 8 9 |  9.7
Ranged Weapons | 1 2 3 4 5 7 8 9 |  9.7
Throwing       | 1 2 3 4 5 7 8 9 |  9.7
Shields        | 1 2 3 4 5 7 8 9 |  9.7
Unarmed Combat | 1 2 3 4 5 7 8 9 |  9.7
Spellcasting   | 1 2 3 4 5 7 8 9 |  9.7
Conjurations   | 1 2 3 4 5 6 7 8 |  8.1
Hexes          | 1 2 3 4 5 6 7 8 |  8.1
Summonings     | 1 2 3 4 5 6 7 8 |  8.1
Necromancy     | 1 2 3 4 5 6 7 8 |  8.1
Translocations | 1 2 3 4 5 6 7 8 |  8.1
Transmutations | 1 2 3 4 5 6 7 8 |  8.1
Fire Magic     | 1 2 3 4 5 6 7 8 |  8.1
Ice Magic      | 1 2 3 4 5 6 7 8 |  8.1
Air Magic      | 1 2 3 4 5 6 7 8 |  8.1
Earth Magic    | 1 2 3 4 5 6 7 8 |  8.1
Poison Magic   | 1 2 3 4 5 6 7 8 |  8.1
Shapeshifting  | 1 2 3 4 5 6 7 8 |  8.1
Fighting       | 3 4 5 6 7 8 9 10 | 10.1
Dodging        | 3 4 5 6 7 8 9 10 | 10.1
Armour         | 5 6 7 8 9 10 | 10.8
Stealth        | 3 4 5 6 7 8 9 10 | 10.0
Evocations     | 7 8 9 10 11 | 11.7

Action                     |  1- 3 |  4- 6 |  7- 9 | 10-12 | 13-15 || total
---------------------------+-------+-------+-------+-------+-------++-------
  Melee: Club              |    93 |       |       |       |       ||    93
         Bite              |    10 |    21 |    53 |   160 |    80 ||   324
         Flail             |    47 |   164 |   398 |   903 |   590 ||  2102
         Punch             |       |     4 |    14 |    63 |    40 ||   121
         Mace              |       |       |       |   159 |       ||   159
   Cast: Olgreb's Toxic Ra |       |       |       |    52 |   203 ||   255
         Hailstorm         |       |       |       |    14 |    31 ||    45
  Evoke: Wand              |       |       |    19 |    42 |    13 ||    74
         Phial of floods   |       |       |       |     1 |       ||     1
    Use: Scroll            |       |       |    10 |    13 |     2 ||    25
         Potion            |       |       |       |     7 |       ||     7
   Stab: Sleeping          |     4 |     4 |     9 |     2 |     2 ||    21
         Distracted        |       |       |     1 |       |       ||     1
         Paralysed         |       |       |       |    10 |     3 ||    13
 Armour: Leather armour    |    36 |    48 |    84 |       |       ||   168
         Troll leather arm |       |       |    28 |   349 |   186 ||   563
         Robe              |       |       |     2 |       |       ||     2
  Dodge: Dodged            |   157 |   145 |   423 |  1157 |   684 ||  2566

Table legend: (Time is in decaauts)
 A = Elapsed time spent in this place.
 B = Non-inter-level travel time spent in this place.
 C = Inter-level travel time spent in this place.
 D = Time resting spent in this place.
 E = Time spent auto-exploring this place.
 F = Levels seen in this place.
 G = Mean time per level.
                   A        B        C        D        E       F      G
               +--------+--------+--------+--------+--------+-----+--------+
         Total |  25422 |  24286 |   1136 |   3985 |  13994 |  18 | 1412.3 |
       Dungeon |  13709 |  12785 |    924 |   1530 |   7665 |  12 | 1142.4 |
        Temple |     12 |      6 |      6 |      0 |      0 |   1 |   12.0 |
          Lair |  11699 |  11493 |    206 |   2455 |   6328 |   5 | 2339.8 |
               +--------+--------+--------+--------+--------+-----+--------+

Top non-repeatable levels by time:
  Lair:4: 3806 daAuts
  Lair:5: 3479 daAuts
    D:11: 1876 daAuts
  Lair:3: 1857 daAuts
    D:10: 1696 daAuts
     D:5: 1436 daAuts
    D:12: 1388 daAuts
  Lair:2: 1291 daAuts
  Lair:1: 1265 daAuts
     D:9: 1215 daAuts
     D:3: 1009 daAuts
     D:1: 953 daAuts
     D:7: 946 daAuts
     D:8: 918 daAuts
     D:6: 879 daAuts
